Map: Romanticide LE

Players

Drift - Winner!

  • Race: Terran Terran
  • League: Master
  • Spawn Location: 5:00

A.I. 1 (Very Easy)

  • Race: Zerg Zerg
  • Spawn Location: 11:00

VOD

Have the link to the VOD?

Description

Time

  • Played on: Nov. 18, 2020, 12:38 p.m.
  • Length: 12:05
Show
View Real Time Build Order
Export as new Build Order

Drift Terran - Winner!

Build Orders: Reaper Expand, Mech 

Get SALT Encoding   

  12  0:00  SCV  
  13  0:12  SCV  
  14  0:18  Supply Depot  
  14  0:24  SCV  
  15  0:39  SCV  
  15  0:42  Barracks  
  16  0:46  Refinery  
  16  0:51  SCV  
  17  1:03  SCV  
  18  1:15  SCV  
  19  1:29  Reaper, Orbital Command  
  20  1:40  Command Center  
  20  1:50  Supply Depot  
  20  1:55  SCV  
  20  2:01  Marine  
  21  2:07  SCV  
  23  2:10  Factory  
  23  2:19  SCV  
  24  2:23  Barracks Reactor  
  24  2:31  SCV  
  25  2:40  Command Center  
  25  2:43  SCV  
  26  2:53  Orbital Command  
  26  3:01  Starport  
  26  3:04  SCV  
  27  3:11  Refinery  
  27  3:14  Hellion  
  27  3:16  SCV  
  27  3:18  Hellion  
  32  3:21  SCV  
  33  3:28  SCV  
  33  3:33  SCV  
  35  3:39  Hellion, Refinery  
  35  3:40  SCV  
  35  3:41  Hellion  
  40  3:45  SCV  
  41  3:49  Fusion Core  
  41  3:53  SCV  
  41  3:55  Orbital Command  
  42  3:57  SCV  
  42  3:58  Starport Tech Lab  
  43  4:05  SCV  
  43  4:09  SCV  
  45  4:10  Hellion  
  45  4:11  Refinery  
  45  4:12  Hellion  
  49  4:17  Supply Depot  
  49  4:19  SCV  
  53  4:25  SCV  
  53  4:27  SCV  
  55  4:31  SCV  
  55  4:37  SCV  
  57  4:40  Battlecruiser  
  57  4:43  Supply Depot  
  57  4:45  SCV x2  
  61  4:49  SCV  
  63  4:55  Hellion x2  
  67  5:00  Supply Depot  
  67  5:01  SCV x2  
  67  5:05  SCV  
  70  5:08  Factory  
  70  5:11  Factory  
  70  5:13  SCV x2  
  72  5:17  SCV  
  73  5:24  Supply Depot  
  73  5:25  Supply Depot, SCV x2  
  75  5:29  Orbital Command  
  75  5:30  Armory  
  75  5:34  Armory  
  75  5:37  SCV  
  75  5:42  Hellion x2  
  80  5:44  SCV  
  80  5:46  Refinery  
  80  5:49  SCV  
  82  5:50  Refinery  
  82  5:53  Battlecruiser  
  88  5:58  Factory Tech Lab x2  
  88  5:59  SCV x2  
  88  6:02  SCV  
  88  6:03  Supply Depot  
  91  6:04  Supply Depot  
  91  6:07  Weapon Refit  
  91  6:11  SCV  
  91  6:12  SCV  
  91  6:14  SCV  
  91  6:18  Siege Tank  
  97  6:19  Siege Tank  
  97  6:24  SCV  
  97  6:25  SCV  
  102  6:30  Factory  
  102  6:31  Factory  
  102  6:33  Supply Depot  
  102  6:35  Supply Depot  
  102  6:36  Hellion  
  102  6:37  Hellion, SCV  
  102  6:39  SCV  
  109  6:40  SCV  
  109  6:44  Engineering Bay  
  109  6:46  Terran Vehicle Weapons Level 1  
  109  6:49  Terran Vehicle And Ship Armor Level 1  
  109  6:50  SCV  
  109  6:51  SCV  
  111  6:54  Siege Tank  
  111  6:58  SCV  
  111  7:01  Supply Depot  
  115  7:02  SCV  
  115  7:03  SCV  
  117  7:10  SCV  
  117  7:11  Supply Depot  
  117  7:14  Factory Tech Lab x2, SCV  
  119  7:15  SCV  
  119  7:20  Missile Turret  
  119  7:21  Siege Tank  
  119  7:22  Missile Turret x2, SCV  
  124  7:24  Hellion x2, Supply Depot  
  124  7:26  SCV  
  129  7:34  Command Center  
  129  7:37  Battlecruiser  
  129  7:40  SCV  
  136  7:49  Supply Depot, Cyclone  
  136  7:51  Supply Depot  
  145  7:56  Siege Tank x2  
  148  8:00  Cyclone  
  148  8:04  Missile Turret  
  148  8:05  Missile Turret  
  148  8:10  Widow Mine x2  
  152  8:13  Supply Depot  
  152  8:16  Supply Depot  
  152  8:19  Sensor Tower  
  152  8:22  Factory x2  
  152  8:24  Factory, Siege Tank  
  155  8:28  Hellion  
  155  8:29  Cyclone  
  160  8:35  Mag-Field Accelerator  
  160  8:41  Infernal Pre-Igniter  
  160  8:56  Cyclone x2  
  166  9:04  Siege Tank  
  166  9:07  Hellion  
  166  9:08  Hellion  
  173  9:16  Command Center  
  173  9:19  Factory Tech Lab  
  173  9:20  Factory Tech Lab, Factory Reactor  
  173  9:22  Terran Vehicle Weapons Level 2  
  173  9:27  Refinery  
  173  9:28  Hellion, Refinery  
  173  9:29  Terran Vehicle And Ship Armor Level 2, Hellion x2  
  179  9:36  Cyclone  
  182  9:47  Thor  
  182  9:52  Command Center, Missile Turret x2  
  188  9:54  Command Center  
  188  9:57  Planetary Fortress  
  188  10:13  Missile Turret  
  188  10:14  Thor  
  196  10:23  Thor  
  200  10:30  Planetary Fortress  
  200  10:43  Command Center  
  200  11:15  Starport  
  200  11:17  Starport  
  200  11:40  Refinery  
  200  11:44  Refinery  
Show
View Real Time Build Order
Export as new Build Order

A.I. 1 (Very Easy) Zerg 

Build Orders: Pool First 

Get SALT Encoding   

  12  0:00  Drone  
  13  0:12  Overlord  
  13  0:16  Drone  
  14  0:35  Spawning Pool  
  13  0:37  Drone  
  13  0:40  Extractor  
  13  0:44  Drone  
  14  0:52  Overlord  
  14  1:21  Zergling x2  
  14  1:22  Queen  
  17  1:30  Roach Warren  
  16  1:34  Drone  
  16  1:37  Extractor  
  16  1:41  Drone  
  17  1:48  Zergling x2  
  18  1:59  Drone  
  19  2:07  Drone  
  20  2:14  Zergling x2  
  21  2:17  Drone  
  22  2:27  Overlord  
  22  2:29  Drone  
  23  2:37  Drone  
  24  2:41  Roach  
  24  2:44  Drone  
  27  4:24  Zergling x2  
  27  5:53  Zergling x2  
  27  7:00  Zergling x2  
  28  7:05  Queen  
  28  7:12  Drone  
  28  7:14  Overlord  
  23  7:19  Drone  
  18  7:26  Hatchery  
  18  7:27  Drone  
  18  7:29  Roach  
  17  7:34  Drone  
  15  7:41  Drone  
  14  7:48  Drone  
  5  7:55  Drone  
  5  7:58  Zergling x2  
  5  8:02  Drone  
  5  8:10  Drone  
  5  8:17  Drone  
  5  8:18  Overlord  
  5  8:24  Drone  
  5  8:27  Roach  
  6  8:31  Drone  
  6  8:38  Drone, Lair  
  6  8:46  Drone  
  6  8:53  Drone  
  5  8:55  Roach  
  5  9:00  Drone  
  6  9:05  Extractor  
  6  9:07  Hatchery, Drone  
  5  9:14  Extractor, Drone  
  5  9:21  Drone  
  5  9:24  Zergling x2  
  7  9:27  Extractor  
  6  9:32  Drone  
  6  9:35  Overseer  
  6  9:36  Queen, Overseer  
  9  9:39  Extractor  
  9  9:43  Drone  
  9  9:53  Drone  
  10  10:04  Drone  
  10  10:05  Ravager  
  12  10:15  Drone  
  12  10:19  Roach  
  15  10:26  Drone  
  16  10:33  Drone  
  17  10:40  Drone  
  18  10:47  Drone  
  19  10:54  Drone  
  20  11:02  Drone  
  21  11:09  Drone  
  22  11:16  Drone  
  22  11:17  Overlord, Overseer  
  23  11:24  Drone  
  24  11:31  Zergling x2, Drone  
  25  11:38  Drone  
  26  11:42  Overlord  
  26  11:45  Drone  
Tags
 
Composition
Mech
League
Master
Matchup
TvZ
Spawn Locations
Cross Positions
Add a new tag
Caveats
  • Supply blocks, unpowered buildings, or Contaminate may cause inaccurate times.
  • Supply counts are checked every 10 seconds.